[Event "44th Chess Olympiad Open 2022"]
[Site "Chennai"]
[Date "2022.08.06"]
[Round "8.18"]
[White "Adly, Ahmed"]
[Black "Anton Guijarro, David"]
[Result "0-1"]
[WhiteElo "2582"]
[BlackElo "2667"]
[Annotator "TA"]
[PlyCount "66"]
[EventDate "2022.??.??"]
[TimeControl "60"]

1. d4 Nf6 2. Nf3 d5 3. c4 e6 4. g3 Bb4+ 5. Nbd2 O-O 6. Bg2 dxc4 {[%emt 0:00:27] E01: Catalan:
Early deviations.} 7. a3 Bxd2+ 8. Bxd2 Nc6 {[%emt 0:00:37] The position is equal.} 9. e3 {[%emt 0:00:
00] [#] White has compensation.} Qd7 $5 $146 {[%emt 0:05:53] An interesting
novelty.} ({Predecessor:} 9... b5 10. b3 Bb7 11. bxc4 bxc4 12. O-O Ne7 13. Qc2
c5 14. Qxc4 cxd4 15. Qxd4 Qxd4 16. Nxd4 Bxg2 17. Kxg2 {½-½ (30) Harikrishna,
P (2713)-Anton Guijarro,D (2697) Prague 2020}) 10. Rc1 b5 $1 11. b3 Rb8 12. O-O ({Much weaker is} 12. bxc4 bxc4 13. Ne5 Nxe5 14. dxe5 Nd5 $15) 12... a5 13. Ne5 Nxe5 14. dxe5 Nd5 15. Bxa5 Rd8 16. bxc4 bxc4 17. e4 Nb6 18. Qg4 (18. Qxd7 $11 Bxd7 19. Rfd1)
18... Qb5 (18... Ba6 $5 ) 19. Bb4 Rd3 20. Rfd1 Ba6 21. f4 {[%emt 0:06:17] [#]} (21. Bf1 $11 Rxd1 22. Qxd1) 21... Na4 (21... Qd7 $142 $1 22. Kh1 Na4 23. Rxd3 cxd3) 22. Be7 $2 {
[%emt 0:11:44] This move loses the game for White.} (22. Bf1 $17) 22... Rxd1+
$19 23. Rxd1 c3 24. Bf6 g6 {[%emt 0:01:41] And now ...Qc5+ would win.} 25. f5 c2 26. Rc1 Qd3 27.
h4 Qe3+ 28. Kh2 Qxc1 29. fxe6 Qd2 30. exf7+ Kxf7 31. Bg5 Be2 32. Qh3 {[%emt 0:00:44] [#]} c1=Q $1 {[%emt 0:00:43][%cal Yb8b1] ( -> ...
Rb1!)} 33. e6+ (33. Bxd2 Qxd2) 33... Ke8 {[%emt 0:00:42]
Weighted Error Value: White=1.21/Black=0.38} 0-1

[Event "44th Chess Olympiad Open 2022"]
[Site "Chennai"]
[Date "2022.08.06"]
[Round "8.18"]
[White "Wageih, Kareim"]
[Black "Iturrizaga Bonelli, Eduardo"]
[Result "1/2-1/2"]
[WhiteElo "2387"]
[BlackElo "2619"]
[Annotator "TA"]
[PlyCount "80"]
[EventDate "2022.??.??"]
[TimeControl "60"]

1. d4 Nf6 2. c4 e6 3. g3 c5 4. d5 exd5 5. cxd5 d6 6. Nc3 g6 7. Bg2 Bg7 8. Nf3 O-O 9. O-O Re8 10. Bf4 h6 {[%emt 0:00:17] 10...Bf5 is the modern continuation. A62: Modern
Benoni: Fianchetto Variation without early ...Nbd7.} 11. h3 (
11. Qc1 $14) 11... a6 12. a4 g5 {[%emt 0:00:
00] White is slightly better.} 13. Bc1 Bf5 14. Nd2 Nbd7 15. e4 Bh7 {
[%emt 0:00:05] [#]} 16. Nc4 $146 ({Predecessor:} 16. f4 Qc7
17. Nc4 Nxe4 18. Nxe4 Bxe4 19. fxg5 hxg5 20. Bxg5 Bf6 21. h4 Ne5 22. Nxe5 Rxe5
{1-0 (36) Gerber,R (2260)-Jurkovic,A (2325) Geneve 1991}) 16... Nb6 17. Nxb6 Qxb6 18. a5 Qd8 19. Re1 Nd7 20. Be3 Ne5 21. Ra4 {[%emt 0:00:23] Inhibits
Nc4.} f5 22. f4 gxf4 23.
gxf4 Ng6 24. e5 dxe5 25. fxe5 Bxe5 (25... Nxe5 $11
26. Bxc5 (26. d6 Kh8 $15) 26... f4) 26. Bxc5 $14 {[%emt 0:04:44] Black must
now prevent d6.} Rc8 27. Bf2 {[%emt 0:01:04][%cal Yd5d6] And
now d6! would win.} Qd6 (27... Qg5 $2 28. d6 (28. h4 Qf6 $16)
28... Bg3 29. Qd5+ Kf8 30. Bxg3 Qxg3 31. Qxf5+ Kg8 32. Re7 $1 (32. Rf1 Ne5 $18)
32... Qxg2+ 33. Kxg2 $18) 28. Qf3 Re7 29. Kh1 (29. Qxf5 Rf8 30. Qg4 (30. Qc2 $2 Nf4 $19) 30... Rxf2 31. Kxf2
Qc5+ 32. Kf1 h5 33. Qxh5 (33. Qf3 $2 Rf7 $19) 33... Rf7+ 34. Bf3 Bxc3 35. bxc3
Qb5+ 36. Kg1 Qxa4 $17) 29... Rg7 30. Bf1 (30.
Qxf5 $2 Rf8 31. Qg4 Rxf2 $19) 30... Kh8 31. Bg2 (31. Qxf5 $2 Rf8 32. Qc2 Bxc3 $19) 31... Rcg8 32. Ne2 (32. Qxf5 $2 Rf8 33. Qg4 (33. Qc2 $2 Nf4 $19) 33... Rxf2 $19)
32... Bh2 (32... Bxb2 $11 33. Qb3 Be5) 33. Ng3 $16 Nh4 34. Rxh4 $18 {[%emt 0:00:00] Active counter play!}
Bxg3 35. Re6 $1 Qc7 {[%emt 0:00:01] [#]
Strongly threatening ...Bxf2.} 36. Rhxh6 {[%emt 0:01:26] Really sharp!} ({
Only move:} 36. Qxg3 $1 $16 Qxg3 37. Bxg3 Rxg3 38. Rexh6) 36... Bxf2 $2 (36... Qc1+ $11 {and Black has nothing to worry.} 37. Bg1 Bf4
38. Rxh7+ Rxh7) 37. Qxf2 Qc1+ (37... Rxg2 {
gets mated.} 38. Qd4+) 38. Bf1 Qg5 {[%emt 0:05:13] [#]} 39. d6
$2 ({Not} 39. Qd4 Qg1+ 40. Qxg1 Rxg1+ 41. Kh2 Rxf1 $11) ({
White must play} 39. Kh2 $1 $18) 39... f4 $2 {[%emt 0:01:36] [#]} (39... Qg1+
$11 {and Black stays safe.} 40. Qxg1 Rxg1+ 41. Kh2 Rxf1) 40. Qd4 $4 (40. Bd3 $2 {is a self mate.} Qg1+ 41. Qxg1 Rxg1+ 42. Kh2 R8g2#) (40.
Kh2 $1 $18 {was the only winning move.}) 40... Qg1+ {[%emt 0:10:15] Weighted
Error Value: White=0.27 (precise) / Black=0.36} 1/2-1/2

[Event "44th Chess Olympiad Open 2022"]
[Site "Chennai"]
[Date "2022.08.06"]
[Round "8.19"]
[White "Piorun, Kacper"]
[Black "Djukic, Nikola"]
[Result "1/2-1/2"]
[WhiteElo "2636"]
[BlackElo "2526"]
[Annotator "TA"]
[PlyCount "119"]
[EventDate "2022.??.??"]
[TimeControl "60"]

1. d4 Nf6 2. c4 g6 3. g3 c6 4. Bg2 d5 5. Nf3 Bg7 6. a4 {[%emt 0:00:47] D73:
Fianchetto Grünfeld: 5 Nf3 .} O-O 7. O-O Na6 8. cxd5 cxd5 9. Nc3 Nb4 {[%emt 0:04:21] [#]} 10. a5 $146 ({Predecessor:} 10. Qb3 a5 11. Rd1 b6 12. Na2 Nxa2 13. Qxa2 Ba6
14. Bf1 Rc8 15. Qb3 Bc4 16. Qa3 {0-1 (47) Bulatova,K (2009)-Tokarev,I (2323)
Kazan 2017}) 10... Nc6 11. Bd2 Ne4 12. Be1 Bf5 13. e3 Qd7 14. Qb3 (14. Ne5 $5 Nxe5
15. dxe5 $11) 14... Rfd8 15. Nh4 Nxc3 16. Bxc3 Be4 17. Rfc1 $1 Bxg2 18. Nxg2 e5 19. dxe5 Bxe5 20.
Rd1 d4 21. Ra4 {[%emt 0:02:04] Black should
prevent exd4.} d3 (21... Qg4 $11) 22. Nf4 $16 Bxc3 23. Rxd3 Qf5 24. Qxc3 Rxd3 25. Qxd3 Qxd3 26. Nxd3 {[%emt 0:00:02] Endgame KRN-KRN} Rd8 27. Ra3 (27. Nc5 $16) 27... Nxa5 $1 $11 28. Rxa5 Rxd3 29. Rxa7 {[%emt 0:00:03] KR-KR} Rb3 30. Ra2 Kg7 31. Kf1 g5 32. Ke2 Rb6 33.
Kd3 Rh6 (33... Rd6+ $11 {should be
considered.} 34. Ke2 Rb6) 34. Ra5 $14 Rxh2 35. Ke2 Kg6 36. Rb5 h5 37. Rxb7 h4 38. gxh4 gxh4 39. Rb8 Rh1 40. Kf3 h3 41. b4 h2 42. Kg2 Rf1 43. Kxh2 {
[%emt 0:00:22] [#] Kg2 is the strong threat.} (43. Rh8 $5 Rb1
44. Kxh2 $14 (44. Rxh2 Rxb4 45. Rh8 f5 $14)) 43... Rxf2+ {[%emt 0:00:05] The
position is equal.} 44. Kg3 Rb2 45. Kf4 Kf6 46. Rb6+ Ke7 47. e4 Rb1 48. Rb5 f6 49. Ke3 Kd6 50. Rd5+ Kc6 51. Rd4 Kb5 52. Kf4 Rf1+ 53. Kg4 Rf2 54. Kh4 Rg2 55. Kh3 Rg8 56. Kh4 Rg7 57. Kh5 Rg5+ 58. Kh6 {[%emt 0:00:03] [#]
Threatening mate with Rd5+.} Rg8 59. Rd6 Re8 60. Rxf6 {[%emt 0:00:24] Weighted Error Value: White=0.07 
(flawless) /Black=0.06 (flawless)} 1/2-1/2

[Event "44th Chess Olympiad Open 2022"]
[Site "Chennai"]
[Date "2022.08.06"]
[Round "8.19"]
[White "Bartel, Mateusz"]
[Black "Blagojevic, Dragisa"]
[Result "1-0"]
[WhiteElo "2597"]
[BlackElo "2499"]
[Annotator "TA"]
[PlyCount "93"]
[EventDate "2022.??.??"]
[TimeControl "60"]

1. c4 e6 2. Nc3 d5 3. d4 c6 4. Nf3 Nf6 5. Qd3 dxc4 6. Qxc4 b5 7. Qd3 Bb7 8. e4 {[%emt 0:00:28] D43:
Semi-Slav: 5 Bg5 h6.} b4 9. Na4 Nbd7 {
[%emt 0:00:41] [#]} 10. Bf4 $1 $146 {[%emt 0:01:32] White is slightly better.
A relevant novelty.} ({Predecessor:} 10. Be3 Qa5 11. b3 Be7 12. Nd2 O-O 13. Rc1
c5 14. dxc5 Bc6 15. Qa6 Qc7 16. Be2 {0-1 (27) Can,E (2593)-Volokitin,A (2636)
Abu Dhabi 2019}) 10... Be7 11. Nd2 O-O 12. Rc1 a5 13. Be2 Ba6 14. Qe3 Bb5 15.
b3 Rc8 16. O-O Bxa4 17. bxa4 c5 18. Nb3 cxd4 19. Qxd4 Nc5 20. Qxd8 $1 Rfxd8 21. Nxc5 Rxc5 22. f3 Rdc8 23. Ba6 R8c6 24. Bb5 {[%emt 0:00:25]
This bishop pair is nice.} Rc8 25. Be3 Rc3 26. Rfd1 Kf8 27. Kf1 Bc5 $2 ({Black should play} 27... Ne8 $14) 28.
Bd2 $18 Rxc1 29. Rxc1
{[%emt 0:00:24] Threatens to win with Be3.} Rd8 30. Bf4 ({Don't take} 30. Rxc5 $6 Rxd2 31. Bc4 (31. Rc8+ Ke7 $11) 31...
Rd1+ 32. Ke2 Rc1 $16) 30... Be7 31. Rc6 (31.
Bc7 $1 $18) 31... Nd7 (31... Ra8 $16 {was necessary.}) 32. Ke2 g5 (32... Ra8 $16 33. Rc2 Nf6) 33. Bc7 Ra8 34. Kd3 (
34. Rc2 $18 {and White stays clearly on top.} Nf6 35. Bc6) 34... Bf6 (34... Bd8 $16 {was called for.}) 35. Bd6+ $1 Kg7 {
[%emt 0:00:48] [#]} 36. Rc7 ({White should try} 36. Ra6 $1 $16 Rxa6 37. Bxa6) 36... Ne5+ $14 37. Kc2 g4 (37... Rd8 $14 38. Bc5 Ra8) 38. f4 $36 {[%emt 0:00:
44][%cal Yf3f4,Yf4f5] White is really pushing.} Ng6 39. Bc4 Kg8 40. f5 Nf8 (40... Rd8 $16 {is a better defense.}) 41. e5 Bd8 {
[%emt 0:04:49] [#]} 42. Rb7 Rc8 43. Kd3 {
[%emt 0:00:00] Strongly threatening Bxf8.} h5 $2 (43... Ra8
44. Bxf8 Kxf8 45. fxe6 fxe6 46. Bxe6 g3 47. Rf7+ Ke8 48. Rxh7 gxh2) 44. Bxf8 {
[%emt 0:00:00] White is clearly winning.} Kxf8 {[%emt 0:00:45] [#]} 45. Rxf7+
$3 Ke8 (45... Kxf7 46. Bxe6+) 46. Bxe6 {
[%emt 0:00:00] Hoping for Rh7.} Rc5 47. Ke4 {[%emt 0:01:12]
Weighted Error Value: White=0.11 (very precise) /Black=0.31} 1-0

[Event "44th Chess Olympiad Open 2022"]
[Site "Chennai"]
[Date "2022.08.06"]
[Round "8.19"]
[White "Kadric, Denis"]
[Black "Wojtaszek, Radoslaw"]
[Result "1-0"]
[WhiteElo "2554"]
[BlackElo "2708"]
[Annotator "TA"]
[PlyCount "131"]
[EventDate "2022.??.??"]
[TimeControl "60"]

1. e4 e5 2. Nf3 Nc6 3. Nc3 Nf6 4. d4 exd4 5. Nxd4 Bb4 6. Nxc6 bxc6 7.
Bd3 d5 8. exd5 cxd5 9. O-O O-O 10. Bg5 Be6 11. Qf3 h6 {[%emt 0:00:39] C47:
Scotch Four Knights and Four Knights with 4 g3.} 12. Bxf6 Qxf6 13. Qxf6 gxf6 {[%emt 0:00:08] The position
is equal.} 14. Nb5 c5 15. Nc7 {[%emt 0:03:29]
[#]} Rad8 $146 (15... Rab8 $11) ({Predecessor:} 15... Rac8 16.
Nxe6 fxe6 17. c3 Ba5 18. f4 Rb8 19. Rab1 Rb7 20. c4 d4 21. Rf2 Rfb8 {½-½ (55)
Piacentini,C (2096)-Huesmann,T (2272) Belgium 2010}) 16. Na6 $1 $16 {[%emt 0:
00:00] White is more active.} Rc8 17. Nxb4 cxb4 18. b3 a5 19. Rfb1 Rc5 20. a3 Rb8 21. Rb2 d4 22. axb4 Rxb4 23. Rba2 Bf5 $1 24.
Bxf5 Rxf5 $14 {[%emt 0:00:02] Endgame KRR-KRR} 25. Rd1 Rd5 26. Rd3 Kf8 ({Better is} 26... Rbb5 $14) 27. c4 $1 $16 Re5 28. Kf1 {[%emt 0:00:35] Prevents Re1+.} Rb7 29. g3 (29. Rxd4 $6 Rxb3 30. g3 Rc3 $14) 29... Rb8 30. Rf3 (30. Rxd4 $6 Rxb3 31. Rd8+ Kg7 $14) (30. f4
$142 Re6 31. Rxa5 (31. Rxd4 Rxb3 32. Kg2 Ra6 $14)) 30... Ke7 (
{Black should play} 30... Kg7) 31. Rd2 (31. Ra3 $142 $1) 31...
Re4 32. Rfd3 f5 (32... Re5
$16) 33. Ra2 $18 Re5 34. f4 (34. Rxd4 Rxb3 35. Rd1 f4 $14) 34... Rc5 35. Ke1 (35. Rxd4 Rxb3 36. Re2+ Kf8 $11) 35... h5 36. Kd1 (36. Rxd4 Rxb3 37. Re2+ Kf6 $11) 36... Rb4 (
36... Rd8 $142 37. Kc2 Kf6) 37. Kc2 ({Weaker is} 37. Rxd4 Rxb3
38. Kc2 Rf3 $11) 37... h4 (37... a4 $2 38. Rxa4 Rcxc4+ 39.
bxc4 $18) 38. gxh4 ({Much less strong is} 38. Rxd4 $6 Rb6 39.
Ra1 (39. gxh4 Rh6 $16) 39... hxg3 $18) 38... Rb6 (38... a4 $2
39. Rxa4 Rcxc4+ 40. bxc4 $18) 39. Rxd4 Rh6 40. b4 axb4 41. Kb3 Rxh4 (41... Rcc6 {was necessary.} 42. h5 (42. Kxb4 Rb6+ 43. Kc3 Rxh4
$16) 42... Rxh5 43. Kxb4 Re6) 42. Kxb4 Rc8 43. c5 Rg4 44. Re2+ Kf8 45. Rc4 Rg6 46. Rec2 {
[%emt 0:00:00] Hoping for c6.} Rb8+ 47. Kc3 {[%emt 0:00:00]
Threatens to win with c6.} Rc6 (47... Rc8 $16 48. Kd4 Rd8+ 49.
Ke5 Re6+ 50. Kxf5 Rd5+ 51. Kg4 f5+ 52. Kf3 Rc6) 48. Rd2 Rb1 (48... Rbc8 $16) 49. Rb2 Rc1+ {[%emt 0:00:00]
[#]} (49... Rd1 $142 50. Rb6 Rc7) 50. Kd4 ({White must play} 
50. Kb4 $1 $18 Re1 51. Kb5) 50... Rd1+ $16 51. Kc3 (51. Ke5 $16) 51... Ke7 $2 (51... Rc1+ $1 $11 52. Kd4
Rd1+ 53. Ke5 Kg7) 52. Kb4 (52. Re2+ $18 Kf6 53. Kb3) 52... Rc8
{[%emt 0:00:00] [#]} (52... Kd7 $1 $14) 53. Kc3 (53. Rcc2 $1
$16 ) 53... Rc6 $1 $18 54. Re2+ Kf6 55. Rd2 Rh1 (55... Rf1
$16 56. Rb2 Ke7) 56. Kd4 {[%emt 0:00:00] Strongly threatening Kd5.} Ke6 57. Rcc2 f6 $2 (57... Rf1 {
is tougher.} 58. Re2+ Kd7) 58. Re2+ {[%emt 0:00:00] White is clearly winning.}
Kd7 59. Kc4 Rf1 (59... Rc8
$142 60. Rcd2+ Kc7 61. Re7+ Kb8 62. Rb2+ Ka8) 60. Rcd2+ Kc8 61. Re8+ Kc7 62. Re7+ Kc8 63. Kd5 Ra6 64. Rd4 Rc1 65. h4 Kd8 66. Re6 {[%emt 0:00:41] Weighted Error Value: White=0.20 
(precise) /Black=0.33} 1-0

[Event "44th Chess Olympiad Open 2022"]
[Site "Chennai"]
[Date "2022.08.06"]
[Round "8.19"]
[White "Draskovic, Luka"]
[Black "Moranda, Wojciech"]
[Result "1/2-1/2"]
[WhiteElo "2503"]
[BlackElo "2636"]
[Annotator "TA"]
[PlyCount "66"]
[EventDate "2022.??.??"]
[TimeControl "60"]

1. Nf3 d5 2. g3 Nd7 3. d4 Nb6 4. Bg2 Bf5 5. O-O e6 6. Nc3 {[%emt 0:03:48] D02:1 d4 d5 2 Nf3 sidelines, including 2...Nf6 3 g3
and 2...Nf6 3 Bf4.} (6. Ne5 {seems wilder.} c6 7. c4 f6 8. cxd5 fxe5 9. dxc6 e4
10. cxb7 Rb8 11. Nc3) 6... Be7 7. Re1 Nf6 8. Nh4 {[%emt 0:04:51] [#] The position is equal.} O-O $146 ({Predecessor:} 8... Bg4 9. h3 Bh5 10. g4 Nfd7 11. gxh5 Bxh4
12. e4 Qf6 13. Rf1 O-O-O 14. a4 a5 {1-0 (26) Malikentzos,S (2429)
-Anagnostopoulos,K (2367) Athens 2021}) 9. Nxf5 exf5 10. Qd3 g6 11. Bg5 c6 12. f3 Re8 (12... Nc4 {
is more complex.} 13. Rab1 Nd6 14. Bxf6 Bxf6 15. e4 fxe4 16. fxe4 dxe4 17. Nxe4
Re8) 13. e4 fxe4 14. fxe4 dxe4 15. Nxe4 Nxe4 16. Bxe7 Rxe7 17. Rxe4 Rxe4 18. Qxe4 Qf8 19. c3 Re8 20. Qd3 Qe7 21. Bf3 {
[%emt 0:04:46] Inhibits Qe2.} Qg5 22. Rf1 (
22. Kf2 $11) 22... Re3 (22... h5 $1 $15) 23. Qc2 $11 Nc4 24. b3 Nd6 25. Qc1 h6 {[%emt 0:02:43][%cal Ye3f3] [#]
Strongly threatening ...Rxf3!} 26. Kf2 Nf5 27. Re1 Rd3 {[%emt 0:01:42] aiming for ...Rd2+.}
28. Qxg5 hxg5 {[%emt 0:00:08] KRB-KRN} 29. g4 Nh4 30. Re3 Rd2+ 31. Re2 Rd3 32. Re3 Rd2+ 33. Re2 Rd3 {[%emt 0:00:15] Weighted Error Value:
White=0.09 (flawless) /Black=0.10 (very precise)} 1/2-1/2

[Event "44th Chess Olympiad Open 2022"]
[Site "Chennai"]
[Date "2022.08.06"]
[Round "8.20"]
[White "Adams, Michael"]
[Black "Dardha, Daniel"]
[Result "1/2-1/2"]
[WhiteElo "2696"]
[BlackElo "2575"]
[Annotator "TA"]
[PlyCount "135"]
[EventDate "2022.??.??"]
[TimeControl "60"]

1. e4 e5 2. Nf3 Nc6 3. Bb5 Nf6 4. d3 d6 5. O-O a6 6. Bxc6+ bxc6 7. d4 exd4 8. Nxd4 c5 9. Nc6 {[%emt 0:
00:00] C79: Ruy Lopez: Steinitz-type lines with 3...a6 4 Ba4 Nf6 5 0-0 d6.} Qd7 10. Na5 ({Of course not} 10. e5 Qxc6 11. exf6
gxf6 $15) 10... Qa4 {[%emt 0:00:10] 10...Qa4 is better than 10...Be7.} (10...
Nxe4 $2 11. Qd5 Ra7 12. Qxe4+ $18) 11. Bd2 {[%emt 0:03:55][%cal Yb1c3] White
is slightly better.} Bg4 (11... Qxe4 $2 12. Re1 Qe6 13. Nc3
$18) ({Don't do} 11... Nxe4 12. Nc3 Qxa5 13. Re1 $16) (11... Be7 $11) 12. f3 Be6 13. c4 {[%emt 0:04:18] [#]} Qxd1 $146 ({Predecessor:} 13... Qd7 14. Nc3 c6 15. f4 Qc7 16. Qa4 Rc8 17.
Nd5 Nxd5 18. exd5 Bd7 19. Rae1+ Be7 20. Nxc6 Bxc6 21. dxc6 Qxc6 {1-0 (56) Hong,
A (2365)-Tang,A (2509) Philadelphia 2018}) 14. Rxd1 Nd7 15. Nc3 {[%emt 0:01:20] Pair of Knights!} Be7 16. Nd5 Bxd5 17. cxd5 O-O 18. g4 Bf6 19. Rab1 Rab8 (19... h5 $14) 20. b4 Ne5 21. Kg2 g5 22. Be1 (22. bxc5 $16 dxc5 23. Be3) 22... cxb4 $1 $14 23. Bxb4 Rb5 24. Rb3 Rfb8 25. Bd2 Nd7 {[%emt 0:04:02] [#]} 26. Rdb1 $1 Kg7 (26... R8b6 $14) 27. Nc6 $16 Ra8 28. a4 Rc5 29. Rc1 {[%emt 0:
00:00] Prevents Rc2.0x0.00207c46cb13dp-1022s more active pieces.} Rxc1 30. Bxc1 a5 {[%emt 0:00:49] [#]} (30... Nc5
$16 31. Ra3 Kg6) 31. Be3 $1 $18 Ne5 32. Nxe5 Bxe5 (32... dxe5 {might work better.} 33. Kg3
h6) 33. Bxg5 {[%emt 0:01:15] Endgame KRB-KRB} Rc8 34. Be3 c5 35. dxc6 (35. f4 $142 Bd4
36. Kf3) 35... Rxc6 36. f4 Rc2+ 37. Kf1 Bf6 38. g5 Ba1 39. Rb5 Rc4 (39... Bc3 $16 {
was worth a try.}) 40. Rxa5 Rxe4 41. Bd2 d5 42. Kf2 ({Better is} 42.
h4) 42... Rc4 (42... h6 $16 {keeps fighting.}) 43. Ke2 h6 44. h4 hxg5 45. hxg5 Rc2 $2 (45... f6 $16 46. f5 (
46. Rxd5 Rxa4 47. Kd3 fxg5 $14) 46... fxg5) 46. Kd3 Ra2 47. f5 Ra3+ 48. Kc2 Ra2+ (48... d4 $142 49. Bb4 Rg3) 49. Kb1 Rxd2 50. Kxa1 {[%emt 0:00:00] KR-KR} f6 51. Ra7+ Kg8 52. Ra8+ $2 ({
White must play} 52. gxf6 $18 Rf2 53. a5 Rxf5 54. Kb2 Rxf6 55. Kc3) 52... Kg7
$11 {[%emt 0:00:09] The position is equal.} 53. gxf6+ ({Not} 
53. Ra7+ Kg8 $18) 53... Kxf6 54. a5 {[%emt 0:00:00] Black
must now prevent a6.} Rc2 55. a6 Rc7 56. Kb2 Kxf5 57. a7 {[%emt 0:
00:47] Hoping for Rf8+.} Rf7 {[%emt 0:00:16] Prevents Rf8.} 58. Kc3 d4+ 59. Kxd4 Rd7+ 60. Kc5 Rf7 {[%emt 0:00:04] Prevents Rf8.} 61. Kd6 Kf6 $1 62. Kd5 Kf5 $1 63. Kc5 Kf4 64. Kc4 Kf5 65. Kd5 Rd7+ 66. Kc6 Rf7 67. Kd6 Kf6 $1 68. Kc5 {[%emt 0:00:38] Blacks defense is rewarded with a draw.
Weighted Error Value: White=0.16 (very precise) /Black=0.24 (precise)} 1/2-1/2

[Event "44th Chess Olympiad Open 2022"]
[Site "Chennai"]
[Date "2022.08.06"]
[Round "8.20"]
[White "Howell, David W L"]
[Black "Lenaerts, Lennert"]
[Result "1-0"]
[WhiteElo "2650"]
[BlackElo "2379"]
[Annotator "TA"]
[PlyCount "79"]
[EventDate "2022.??.??"]
[TimeControl "60"]

1. d4 d5 2. c4 c6 3. Nf3 Nf6 4. g3 Bf5 5. Nc3 e6 6. Nh4 {[%emt 0:01:40] D11: Slav Defence: 3 Nf3
sidelines and 3...Nf6 4 e3 Bg4.} Be4 7. f3 Bg6 8. Qb3 {[%emt 0:00:13] White is slightly better.} Qb6 9. Nxg6 hxg6 10. e3 Nbd7 {[%emt 0:10:30] 10...Bd6 is not played anymore.} 11. Kf2 Qc7 12. Bd2 (
12. cxd5 {keeps more tension.} cxd5 13. Kg2 Rc8 14. Bd2) 12... dxc4 13. Bxc4 {[%emt 0:02:46] [#]} b5 $146 ({Predecessor:} 
13... Rd8 14. Rad1 a6 15. a4 Be7 16. e4 b5 17. axb5 axb5 18. Be2 e5 19. dxe5
Nc5 {½-½ (38) Arnold,K (2240)-Schneider,H (2258) ICCF email 2018}) 14. Bd3 e5 15. Kg2 Be7 16. Be1 exd4 17. exd4 Rd8 18. Bf2 Nb6 19. a4 a6 20. axb5 axb5 21. Ra6 Kf8 22. h4 Nbd5 23. Nxd5 Nxd5 24. Be4 Nb4 (24... g5 $1 $14) 25. Raa1 $16 Qd6 ({Black should try} 25... f5) 26. Ra7 {[%emt 0:00:
56] Black must now prevent Re1.} f5 27. Bb1 {[%emt 0:01:26]
White is more active.} Nd5 28. Re1 Rh6 29. f4 Bf6 30. Ba2 Rh8 (30... Kg8 {keeps fighting.} 31. Qa3 Rh8) 31. Qf3
$18 Kg8 32. Rc1 {[%emt 0:00:22][%cal Ye1c1,
Yc1c6,Yc6c8] Ra6 is the strong threat.} Kh7 $2 {[%emt 0:00:19] [#]} (32... Qe6
{is more resistant.} 33. Ra6 (33. Re1 Qd6 $18) 33... Qe4 34. Qxe4 (34. Rcxc6
Kh7 $18) 34... fxe4 35. Raxc6 (35. Rcxc6 Kh7 $18) 35... Kh7) 33. h5 $1 Rd7 34. Ra6 Nb4 35. Raxc6 Nxc6 (35...
Qe7 $142 36. Re6 Qd8) 36. Rxc6 Qe7 37. Bb1 {
[%emt 0:00:56] Threatens to win with hxg6+.} Bxd4 (37... Rd6
$18 38. Rc5 Qa7 39. hxg6+ Kxg6 40. Rxb5 Qa6 41. Bxf5+ Kf7 42. Qb3+ Kf8) 38.
hxg6+ {[%emt 0:00:31] White mates.} Kg8 39. Rc8+ {[%emt 0:00:
29] [#] Skewer} Rd8 40. Qd5+ {[%emt 0:00:06] Weighted Error
Value: White=0.13 (very precise) /Black=0.49} 1-0

[Event "44th Chess Olympiad Open 2022"]
[Site "Chennai"]
[Date "2022.08.06"]
[Round "8.20"]
[White "Docx, Stefan"]
[Black "McShane, Luke J"]
[Result "1/2-1/2"]
[WhiteElo "2434"]
[BlackElo "2649"]
[Annotator "TA"]
[PlyCount "94"]
[EventDate "2022.??.??"]
[TimeControl "60"]

1. d4 {
[%emt 0:00:04] Alterman,B} Nf6 2. c4 e6 3. Nc3 Bb4 4. Qc2 d5 5. cxd5 Qxd5 6.
Nf3 Qf5 7. Qb3 {
[%emt 0:00:41] is now debated instead of 7.Qxf5.} c5 8. a3 Ba5 {[%emt 0:08:14] E34: Nimzo-Indian: Classical: 4...d5.} 9.
Qc4 {[%emt 0:02:23] Strongly threatening b4.} Nc6 {[%emt 0:19:27] Against b4}
10. dxc5 Qd5 {[%emt 0:04:58] [#] White is slightly better.}
11. Nd2 Qxc4 12. Nxc4 Bxc3+ 13. bxc3 Ne4 {[%emt 0:04:47] [#]} 14. a4 $146 ({Predecessor:} 14. g3 Nxc5 15. Be3 Nb3 16. Rb1 Nca5 17. Nxa5
Nxa5 18. Bg2 f6 19. O-O Kd8 20. Rb5 {1-0 (40) Alterman,B (2585)-Yudasin,L 
(2635) Israel 1996 CBM 052 Extra [Alterman,B]}) 14... e5 15.
g3 Be6 $1 16. Bg2 Bxc4 ({Black should try} 16... Nxc5 $14 17. Bxc6+ bxc6 18. Nxe5 f6)
17. Bxe4 $16 O-O-O 18. Bxc6 ({Better is} 18. f3 $16) 18... bxc6 $14 19. f3 e4 20. f4 e3 21. Rb1 Rd7 22. Rb2 Re8 {[%emt 0:00:
00] Black has compensation.} 23. Rf1 f5 24.
Rb4 Bd5 25. a5 Rb7 26. Rg1 h5 27. h3 Rb5 (27... Rxb4 $15 28. cxb4 Re4) 28. Rxb5 $11 {[%emt 0:01:47]
The position is equal.} cxb5 {[%emt 0:00:01] Endgame KRB-KRB} 29. g4 fxg4 30. Rg3 Be6 31.
Rxe3 gxh3 {[%emt 0:00:00] [#] ...h2 is the strong threat.} 32.
Kf2 Kd7 33. Re5 g6 34. e4 Kc6 35. Kg3 Bd7 36. Rxe8 Bxe8 37. Kxh3 {
[%emt 0:00:56] And now Be3 would win.} Kxc5 {[%emt 0:00:19] KB-KB} 38. Be3+ Kc4 39. Bxa7 Kxc3 40. a6 b4 41. Bc5 b3
{[%emt 0:18:06] ( -> ...b2)} 42. Ba3 Kd4 43.
a7 Bc6 44. f5 gxf5 (44... Kxe4 $2 45. f6 Bd5 46. f7 Bxf7 47. a8=Q+ $18) (44... Bxe4 45.
fxg6 Bd5 46. g7 Be6+ 47. Kh4 $18) 45. exf5 {[%emt 0:00:13] Intending f6 and
mate.} Ke5 46. Kh4 {[%emt 0:00:33] aiming for Kg5.} Kxf5 47. Kxh5 Ke5 {[%emt 0:00:45] Weighted Error
Value: White=0.07 (flawless) /Black=0.06 (flawless)} 1/2-1/2